AoeStats
← ็

Arabia

509469696Analyzed
2v2 RM · 6d ago on Sep 26, 2026· 21m 10s· 4 players
Game mode
Random Map
Map size
Medium (4 player)
Population
200
Speed
Normal
Resources
Standard
Victory
Conquest
Starting age
Dark Age
Ending age
Imperial Age
RankedLock teamsTeams togetherTeam positionsShared explorationLock speedFull tech treeHidden civsTurbo modeCheats
Victory
Defeat
🇦🇷 Poles · Argentina
692
+10
🇦🇷 Cumans · Argentina
650
+12
🇹🇷 Goths · Türkiye
561
-11
🇹🇷 Franks · Türkiye
558
-11
็
0:35 Loom
10:44 Feudal Age
11:15 Double-Bit Axe
13:27 Horse Collar
18:53 Gold Mining
18:56 Stone Mining
Par4normaL
11:41 Feudal Age
12:24 Double-Bit Axe
20:42 Scale Mail Armor
pagetmelina016
2:21 Loom
14:57 Feudal Age
16:14 Wheelbarrow
15:22 Horse Collar
15:30 Double-Bit Axe
16:40 Gold Mining
16:46 Stone Mining
19:11 Bloodlines
20:47 Forging
benjaminmarquinez
12:25 Feudal Age
20:01 Man-at-Arms
Connection lost

Rejoining the realm…

Still unreachable

The connection could not be restored.

Session expired

The server has moved on; the page needs a fresh start.